 Dungeon Crawl Stone Soup version 0.18.1-48-g4cf74bf (webtiles) character file.

882 tyranidshit the Skirmisher (level 7, 46/67 HPs)
             Began as a Deep Dwarf Necromancer on July 10, 2016.
             Drowned
             ... in a sewer.
             The game lasted 00:27:20 (3850 turns).

tyranidshit the Skirmisher (Deep Dwarf Necromancer) Turns: 3850, Time: 00:27:20

Health: 46/67      AC:  5    Str: 12    XL:     7   Next: 76%
Magic:  15/15      EV: 12    Int: 17    God:
Gold:   322        SH:  0    Dex: 13    Spells: 2 memorised, 13 levels left

rFire  . . .     SeeInvis .     y - +7 falchion of Cowardice {slice, rPois}
rCold  . . .     Gourm    .     a - +0 robe
rNeg   . . .     Faith    .     (no shield)
rPois  +         Spirit   .     (no helmet)
rElec  .         Dismiss  .     z - +2 cloak
rCorr  .         Reflect  .     (no gloves)
SustAt .         Harm     .     (no boots)
MR     +....                    i - amulet of rage
Stlth  +.........               (no ring)
                                d - ring of wizardry

@: non-regenerating, somewhat resistant to hostile enchantments, very unstealthy
A: damage resistance, recharge devices, sense surroundings 1, slow regeneration
3
a: Device Recharging, Evoke Berserk Rage


You were in a sewer.
You were hungry.

You visited 1 branch of the dungeon, and saw 6 of its levels.
You also visited: Sewer.

You collected 322 gold pieces.

Inventory:

Hand Weapons
 u - a +2 flail of protection
 y - the +7 falchion of Cowardice (weapon) {slice, rPois}
   (You found it on level 5 of the Dungeon)

   It inflicts extra damage upon your enemies.
   It protects you from poison.
Armour
 a - a +0 robe (worn)
 v - a +0 chain mail
 x - a +0 ring mail
 z - a +2 cloak (worn)
Jewellery
 d - a ring of wizardry (left hand)
 f - an uncursed ring of protection from cold
 i - an amulet of rage (around neck)
 j - an uncursed ring of positive energy
 q - an uncursed amulet of harm
Wands
 c - a wand of heal wounds (2/9)
 h - a wand of enslavement (17/24)
 p - a wand of slowing (25/48)
Scrolls
 e - 4 scrolls of teleportation
 k - 7 scrolls of remove curse
 l - a scroll of amnesia
 t - 2 scrolls of identify
 B - a scroll of enchant weapon
Potions
 m - a potion of agility
 n - 2 potions of brilliance
 o - 4 potions of curing
 A - a potion of experience {unknown}
 C - a potion of invisibility
 D - a potion of flight
Books
 b - a book of Necromancy

   Spells                             Type                      Level
   a - Pain                           Necromancy                   1
   b - Animate Skeleton               Necromancy                   1
   c - Vampiric Draining              Necromancy                   3
   d - Regeneration                   Charms/Necromancy            3
   e - Animate Dead                   Necromancy                   4
   f - Control Undead                 Necromancy                   4
 w - a book of Summonings

   Spells                             Type                      Level
   a - Recall                         Summoning/Translocation      3
   b - Aura of Abjuration             Summoning                    5
   c - Summon Demon                   Summoning                    5
   d - Summon Forest                  Summoning/Translocation      5
   e - Summon Mana Viper              Hexes/Summoning              5
   f - Shadow Creatures               Summoning                    6
Comestibles
 g - a meat ration
 r - 3 fruits
 s - 3 beef jerkies


   Skills:
 + Level 5.5 Fighting
 - Level 2.1 Dodging
 - Level 2.4 Stealth
 + Level 5.5 Spellcasting
 - Level 4.3 Necromancy


You had 13 spell levels left.
You knew the following spells:

 Your Spells              Type           Power        Failure   Level  Hunger
a - Pain                  Necr           ###.         1%          1    None
b - Vampiric Draining     Necr           ###.......   4%          3    ##.....


Dungeon Overview and Level Annotations

Branches:
Dungeon (6/15)
 Temple: D:4-7

Altars:
Dithmenos
Fedhas
Okawaru
Sif Muna
Trog


Innate Abilities, Weirdness & Mutations

You are resistant to damage.
You can recharge devices by infusing magical energy.
You passively map a small area around you.
You do not regenerate naturally.


Message History

Drink which item? (? for menu, Esc to quit)
It was a potion of flight.
You feel very buoyant.
You fly up into the air.
Drink which item? (? for menu, Esc to quit)
Okay, then.
A giant gecko comes into view.
A bat comes into view.
The helpless bat fails to defend itself.
You slash the bat!
You kill the bat!
The giant gecko bites you but does no damage.
You closely miss the giant gecko. The giant gecko barely misses you.
You hit the giant gecko.
You kill the giant gecko!
Careful!
You are starting to lose your buoyancy.
You float gracefully downwards.
You fall into the water!
You sink like a stone!
You drown...
You die...

#.≈ ≈ ≈ ,≈ ≈≈..≈≈# #≈≈ ≈ ≈ ≈
≈≈≈≈≈.# #≈≈ ≈ ≈ ≈≈ ≈≈≈≈.#
#≈≈ * * ** * * #≈≈≈# #.≈
#≈≈≈# #≈≈
##################≈≈≈#####≈≈
≈
.≈.≈.≈.≈≈≈≈.≈.≈.≈.≈≈≈≈≈.≈≈≈≈
≈≈≈≈≈≈≈≈≈≈≈@≈≈≈≈≈≈≈≈≈≈≈≈≈≈≈≈
≈≈
≈≈≈≈≈≈≈≈≈≈≈≈≈≈≈≈≈≈≈≈≈≈≈≈≈≈≈≈
############################


There were no monsters in sight!

Vanquished Creatures
  The ghost of Aksel the Slasher, an amateur HESk of Okawaru (D:4)
  An orc warrior (D:5)
  A sky beast (D:5)
  A centaur (D:5)
  A water moccasin zombie (D:5)
  A scorpion (D:5)
  2 crimson imps
  An orc priest (D:5)
  2 worker ants (D:4)
  A hound zombie (D:5)
  4 gnolls (D:4)
  11 adders
  A worm (Sewer)
  11 giant geckos
  7 orcs
  4 bats
  6 giant cockroaches
  9 goblins
  10 hobgoblins
  4 jackals (Sewer)
  4 kobolds
  4 quokkas
  A ball python (Sewer)
  3 giant newts
  7 rats
98 creatures vanquished.

Vanquished Creatures (collateral kills)
  A gnoll (D:4)
  A giant gecko skeleton (D:4)
2 creatures vanquished.

Grand Total: 100 creatures vanquished

Notes
Turn   | Place    | Note
--------------------------------------------------------------
     0 | D:1      | tyranidshit the Deep Dwarf Necromancer began the quest for the Orb.
     0 | D:1      | Reached XP level 1. HP: 15/15 MP: 3/3
   175 | D:1      | Reached XP level 2. HP: 24/24 MP: 0/5
   253 | D:1      | Reached skill level 1 in Fighting
   981 | D:2      | Found a shadowy altar of Dithmenos.
  1068 | D:2      | Reached XP level 3. HP: 17/31 MP: 0/6
  1073 | D:2      | Learned a level 3 spell: Vampiric Draining
  1410 | D:3      | Found a bloodstained altar of Trog.
  1456 | D:3      | Reached XP level 4. HP: 34/39 MP: 0/8
  1479 | D:3      | Found a deep blue altar of Sif Muna.
  2005 | D:4      | Found an iron altar of Okawaru.
  2067 | D:4      | Reached XP level 5. HP: 26/46 MP: 1/10
  2180 | D:4      | Noticed Aksel's ghost (amateur HESk)
  2414 | D:4      | Noticed a phantom
  2464 | D:5      | Entered Level 5 of the Dungeon
  2495 | D:5      | Reached XP level 6. HP: 43/56 MP: 1/12
  2695 | D:5      | Got an ancient falchion
  2696 | D:5      | Identified the +7 falchion of Cowardice {slice, rPois} (You found it on level 5 of the Dungeon)
  2834 | D:5      | Noticed an orc warrior
  2852 | D:5      | Killed an orc warrior
  3016 | D:5      | Noticed a sky beast
  3034 | D:5      | Killed a sky beast
  3034 | D:5      | Reached XP level 7. HP: 43/66 MP: 3/14
  3336 | D:4      | Killed Aksel's ghost
  3336 | D:4      | Reached skill level 5 in Spellcasting
  3350 | D:4      | You fall through a shaft!
  3376 | D:5      | Reached skill level 5 in Fighting
  3583 | D:6      | Found a blossoming altar of Fedhas.
  3715 | D:6      | Found a glowing drain.
  3736 | Sewer    | Entered a sewer
  3850 | Sewer    | Drowned

Skill      XL: |  1  2  3  4  5  6  7 |
---------------+----------------------+-----
Spellcasting   | 2 3 4 5 |  5.5
Fighting       | 1 2 3 4 5 |  5.5
Dodging        | |  2.1
Stealth        | |  2.4
Necromancy     | |  4.3

Action                   |  1- 3 |  4- 6 |  7- 9 || total
-------------------------+-------+-------+-------++-------
Melee: Dagger            |    45 |    42 |       ||    87
       Flail             |       |    29 |    23 ||    52
       Falchion          |       |    10 |    50 ||    60
 Cast: Pain              |    41 |    26 |       ||    67
       Vampiric Draining |     5 |    21 |    14 ||    40
Evoke: Wand              |     1 |     6 |       ||     7
  Use: Scroll            |     9 |     4 |     3 ||    16
       Potion            |       |     6 |     1 ||     7
 Stab: Sleeping          |       |       |     2 ||     2
  Eat: Bread ration      |     1 |     2 |       ||     3
Armor: Robe              |    10 |    18 |    20 ||    48
       Ring mail         |       |     5 |    15 ||    20
Dodge: Dodged            |    49 |    82 |    57 ||   188
